 Dungeon Crawl Stone Soup version 0.26.0-10-g1f06aea511 (webtiles) character file.

Game seed: 1626478408105117333

818 inc the Covert (level 7, -1/27 HPs)
             Began as a Felid Enchanter on Jan 29, 2021.
             Slain by a human zombie (7 damage)
             ... in an ossuary.
             The game lasted 00:11:33 (7864 turns).

inc the Covert (Felid Enchanter)                    Turns: 7864, Time: 00:11:33

Health: -1/27      AC:  2    Str:  4    XL:     7   Next: 62%
Magic:  2/11       EV: 18    Int: 18    God:
Gold:   266        SH:  0    Dex: 17    Spells: 1/10 levels left
                                        Lives:  0   Deaths: 2

rFire    . . .     SeeInvis +     - Unarmed
rCold    + . .     Faith    +   (shield unavailable)
rNeg     . . .     Spirit   .   (armour unavailable)
rPois    .         Reflect  .   (helmet unavailable)
rElec    .         Harm     .   (cloak unavailable)
rCorr    .         Rampage  .   (gloves unavailable)
Will     +....                  (boots unavailable)
Stlth    +++++.....             c - amulet of faith
HPRegen  0.09/turn              k - ring of protection from cold
MPRegen  0.12/turn              (no ring)

@: quick
A: very small, no armour, no weapons or thrown items, stealth, claws 1, fangs 3,
see invisible, speed 1, shaggy fur 2, sharp paws
a: no special abilities


You were in an ossuary.
You visited 1 branch of the dungeon, and saw 5 of its levels.
You also visited: Ossuary.

You collected 266 gold pieces.

Inventory:

Jewellery
 c - an amulet of faith (around neck)
 h - an uncursed ring of wizardry
 k - a ring of protection from cold (left paw)
Scrolls
 a - 5 scrolls of teleportation
 e - 2 scrolls of identify
 f - a scroll of amnesia {unknown}
 i - a scroll of immolation {unknown}
 l - 4 scrolls of enchant armour {unknown}
 m - a scroll of enchant weapon {unknown}
 n - 2 scrolls of remove curse {unknown}
Potions
 b - a potion of haste
 d - a potion of curing
 g - a potion of brilliance
 j - 2 potions of lignification


   Skills:
 - Level 2.6 Dodging
 + Level 8.7 Stealth
 + Level 5.5 Unarmed Combat
 - Level 2.0 Spellcasting
 - Level 8.1 Hexes
 - Level 4.1 Ice Magic


You had one spell level left.
You knew the following spells:

 Your Spells              Type           Power        Failure   Level
a - Tukima's Dance        Hex            31%          1%          3
b - Ensorcelled Hibernat  Hex/Ice        46%          2%          2
c - Confusing Touch       Hex            31%          1%          3
d - Corona                Hex            34%          1%          1

Your spell library contained the following spells:

 Spells                   Type           Power        Failure   Level
 Dazzling Flash           Conj/Hex       32%          11%         3


Dungeon Overview and Level Annotations

Branches:
Dungeon (5/15)            Ossuary (1/1)
 Temple: D:4-7

Altars:

Shops:
D:4 [


Innate Abilities, Weirdness & Mutations

You cannot wear armour.
You are incapable of wielding weapons or throwing items.
Your paws allow you to move quietly. (Stealth)
You have sharp claws.
You have razor-sharp teeth.
You have supernaturally acute eyesight. (SInv)
You cover ground quickly.
You are covered in thick fur. (AC +2)
Your sharp claws are effective at attacking unaware monsters.


Message History

You barely miss the human zombie.
The human zombie is heavily damaged.
The human zombie hits you.
You scratch the human zombie.
The human zombie is severely damaged.
The centaur zombie hits the human zombie.
You scratch the human zombie.
The human zombie is severely damaged.
The human zombie barely misses you.
You scratch the human zombie but do no damage.
The human zombie is severely damaged.
The human zombie hits you.
* * * LOW HITPOINT WARNING * * *
Casting: Confusing Touch (safe; 1% risk of failure)
Confirm with . or Enter, or press ? or * to list all spells.
You don't have enough magic to cast that spell.
You scratch the human zombie but do no damage.
The human zombie is severely damaged.
The human zombie hits you!
You die...

#..#.....#..# #.# #..#
#..#..####..# #.# #..#
#∩.#..#..#..#+#.#+#..#
#..#..#..#..#...Z.#..#
#..##.#.##..##...##..#
#...#.#'#....#...#...#
#...#...#....#...#...#
#...##∩##....##Z##...#
#....###......#@#....#
#....................#
#....................#
######################


You could see a centaur zombie (confused) and a human zombie.

Vanquished Creatures
  An orc warrior (D:4)
  2 ogres
  2 elf zombies (D:5)
  2 elf skeletons (D:5)
  2 howler monkeys (D:4)
  2 centaur zombies (Ossuary)
  2 human zombies
  2 orc priests
  An orc wizard (D:4)
  4 hounds
  5 worker ants
  A big kobold zombie (Ossuary)
  2 mummies (Ossuary)
  3 gnolls (D:3)
  6 adders
  An ufetubus (D:5)
  3 oozes
  2 adder zombies (Ossuary)
  2 adder skeletons (D:4)
  4 worms
  2 dart slugs
  6 leopard geckos
  17 orcs
  4 giant cockroaches
  A gnoll zombie (Ossuary)
  9 goblins
  6 hobgoblins
  11 jackals
  2 quokkas
  A ball python (D:1)
  4 bats
  2 frilled lizards (D:4)
  3 goblin zombies (Ossuary)
  7 hobgoblin zombies (Ossuary)
  5 jackal zombies (Ossuary)
  7 kobolds
  A kobold zombie (Ossuary)
  An orc skeleton (D:5)
  3 orc zombies (Ossuary)
  6 rats
  4 rat zombies (Ossuary)
151 creatures vanquished.

Notes
Turn   | Place    | Note
-------+----------+-------------------------------------------
     0 | D:1      | inc the Felid Enchanter began the quest for the Orb.
     0 | D:1      | Reached XP level 1. HP: 7/7 MP: 4/4
   134 | D:1      | Reached XP level 2. HP: 11/11 MP: 6/6
   137 | D:1      | Learned a level 2 spell: Ensorcelled Hibernation
   710 | D:1      | Reached skill level 1 in Ice Magic
   923 | D:1      | Reached XP level 3. HP: 14/14 MP: 7/7
  1019 | D:1      | Reached skill level 5 in Hexes
  2044 | D:2      | Reached XP level 4. HP: 18/18 MP: 5/8
  2876 | D:3      | Reached XP level 5. HP: 21/21 MP: 4/9
  3679 | D:4      | Noticed an ogre
  4103 | D:3      | Killed an ogre
  4104 | D:3      | Gained mutation: You are covered in thick fur. (AC +2)
                  | [Felid growth]
  4104 | D:3      | Reached XP level 6. HP: 24/24 MP: 7/10
  4590 | D:4      | Learned a level 3 spell: Confusing Touch
  4594 | D:4      | Learned a level 3 spell: Tukima's Dance
  4706 | D:4      | Found Pinaacvu's Armour Emporium.
  4964 | D:4      | Noticed an orc warrior
  4989 | D:4      | Killed from afar by an orc priest
  4990 | D:4      | Reached XP level 5. HP: -8/21 MP: 6/9
  5055 | D:4      | Reached XP level 6. HP: 24/24 MP: 7/10
  5103 | D:4      | Reached skill level 5 in Stealth
  5821 | D:4      | Killed an orc warrior
  5822 | D:4      | Reached XP level 7. HP: 27/27 MP: 1/11
  6502 | D:5      | Entered Level 5 of the Dungeon
  6531 | D:5      | Shot with an arrow by a centaur
  6532 | D:5      | Reached XP level 6. HP: -4/24 MP: 3/10
  6840 | D:5      | Reached XP level 7. HP: 19/27 MP: 7/11
  6941 | D:5      | Reached skill level 5 in Unarmed Combat
  7016 | D:5      | Found a sand-covered staircase.
  7058 | Ossuary  | Entered an ossuary
  7864 | Ossuary  | Slain by a human zombie

Illustrated notes

Levels and vault maps discovered:
D:1:      erik_arrival_blinker_ship, layout_loops_corners
D:2:      layout_loops_ring
D:3:      layout_basic
D:4:      layout_gridville, serial_shops, nicolae_shop_window_shopping,
          st_stairs_8
D:5:      layout_cave_pools, nicolae_ossuary_entry_catacombs
Ossuary:  minmay_ossuary_two_tombs

Skill      XL: |  1  2  3  4  5  6  7 |
---------------+----------------------+-----
Unarmed Combat | 2 3 5 |  5.5
Ice Magic      | 1 2 3 4 |  4.1
Hexes          | 5 6 7 8 |  8.1
Stealth        | 7 8 |  8.7
Dodging        | |  2.6
Spellcasting   | |  2.0

Action                   |  1- 3 |  4- 6 |  7- 9 || total
-------------------------+-------+-------+-------++-------
Melee: Unarmed           |    75 |   188 |   164 ||   427
       Bite              |     3 |    16 |    19 ||    38
       Punch             |     1 |       |     3 ||     4
 Cast: Corona            |     2 |       |       ||     2
       Ensorcelled Hiber |    25 |    88 |    12 ||   125
       Confusing Touch   |       |     6 |    15 ||    21
       Tukima's Dance    |       |     1 |       ||     1
  Use: Scroll            |     1 |     4 |       ||     5
       Potion            |       |     1 |       ||     1
 Stab: Sleeping          |    32 |    59 |    15 ||   106
       Confused          |       |     8 |     9 ||    17
Armor: Skin              |     1 |    10 |     6 ||    17
Dodge: Dodged            |    38 |   156 |   111 ||   305
